 Dungeon Crawl Stone Soup version 0.31.0 (webtiles) character file.

Game seed: 15060474227267634309

21175 SnakkuSnakku7 the Severer (level 13, -2/103 HPs)
             Began as a Formicid Cinder Acolyte on Jan 20, 2024.
             Was a Priest of Ignis.
             Slain by a yak (4 damage)
             ... on level 1 of the Lair of Beasts.
             The game lasted 00:17:31 (10879 turns).

SnakkuSnakku7 the Severer (FoCA)                   Turns: 10879, Time: 00:17:31

Health: -2/103     AC: 26    Str: 24    XL:     13   Next: 17%
Magic:  14/14      EV:  7    Int: 14    God:    Ignis [***...]
Gold:   833        SH:  5    Dex:  9    Spells: 14/14 levels left

rFire   + . .        a - +4 executioner's axe (elec)
rCold   + . .        (no shield)
rNeg    . . .        c - +0 plate armour
rPois   .            (helmet unavailable)
rElec   .            e - +0 cloak
rCorr   .            h - +2 pair of gloves
SInv    +            u - +1 pair of boots
Will    +....        v - amulet of reflection Stlth
                     d - ring of protection from cold
HPRegen 0.37/turn    H - +4 ring of slaying
MPRegen 0.14/turn

%: reflection
@: fiery-armoured
A: permanent stasis, dig shafts and tunnels, antennae 3, four strong arms
a: Dig, Shaft Self, Renounce Religion, Fiery Armour, Foxfire Swarm, Rising Flame


You were on level 1 of the Lair of Beasts.
You worshipped Ignis.
Ignis was most pleased with you.
You visited 2 branches of the dungeon, and saw 12 of its levels.
You also visited: Bailey.

You collected 893 gold pieces.
You spent 60 gold pieces at shops.

Inventory:

Hand Weapons
 a - a +4 executioner's axe of electrocution (weapon)
 b - a +0 hand axe of flaming
Missiles
 y - 2 throwing nets
 C - 8 curare-tipped darts (quivered)
Armour
 c - a +0 plate armour (worn)
 e - a +0 cloak (worn)
 h - a +2 pair of gloves (worn)
 u - a +1 pair of boots (worn)
Jewellery
 d - a ring of protection from cold (left hand)
 f - a +6 ring of strength
 m - a ring of positive energy
 r - a +6 ring of dexterity
 v - an amulet of reflection (around neck)
 H - a +4 ring of slaying (right hand)
Wands
 k - a wand of charming (9)
 z - a wand of polymorph (9)
 B - a wand of flame (42)
Scrolls
 p - 2 scrolls of poison
 s - 3 scrolls of revelation
 t - a scroll of brand weapon
 w - 6 scrolls of immolation
 E - 3 scrolls of fear
 G - 2 scrolls of torment
Potions
 g - a potion of brilliance
 l - a potion of curing
 n - 3 potions of berserk rage {unknown}
 o - 4 potions of ambrosia
 q - 3 potions of might
 x - a potion of lignification
 A - 2 potions of mutation
Miscellaneous
 D - a sack of spiders


   Skills:
 - Level 10.0 Fighting
 - Level 18.0 Axes
 - Level 4.0 Throwing
 + Level 5.5 Armour
 - Level 1.1 Spellcasting
 - Level 3.0 Fire Magic


You had 14 spell levels left.
You didn't know any spells.
Your spell library contained the following spells:

 Spells                   Type           Power      Damage    Failure   Level
 Scorch                   Fire           18%        2d5       86%         2
 Apportation              Tloc           0%         N/A       98%         1
 Necrotise                Necr           0%         1d4       98%         1
 Sting                    Conj/Alch      0%         1d3       98%         1
 Summon Small Mammal      Summ           0%         N/A       98%         1
 Jinxbite                 Hex            0%         N/A       99%         2
 Alistair's Intoxication  Alch           0%         N/A       100%        5


Dungeon Overview and Level Annotations

Branches:
Dungeon (10/15)            Temple (0/1) D:5            Lair (2/5) D:9
    Orc (0/2) D:10         Bailey (visited)
  Swamp: Lair:2-3    Shoals: Lair:2-3     Snake: Lair:2-3    Spider: Lair:2-3

Altars:
Elyvilon
Kikubaaqudgha
Makhleb
Xom
Zin
The Shining One

Shops:
D:4 (   D:5 (   D:6 :*(   D:9 (

Annotations:
Lair:2 Gastronok


Innate Abilities, Weirdness & Mutations

You cannot be hasted, slowed, berserked, paralysed or teleported.
You can dig through walls and to a lower floor.
You have a pair of large antennae on your head. (SInv)
Your four strong arms can wield two-handed weapons with a shield.


Message History

The yak is burned by your cloak of flames.
The yak is lightly wounded.
The death yak gores you but does no damage.
Your Armour skill increases to level 5!
Unknown command.
You slice the yak!!
You kill the yak!
You slash the yak! x2; You slash the death yak!
You feel sick. The yak gores you but does no damage.
The yak is burned by your cloak of flames.
The yak is severely wounded.
The death yak gores you!
* * * LOW HITPOINT WARNING * * *
The yak gores you.
* * * LOW HITPOINT WARNING * * *
The yak is burned by your cloak of flames.
The yak is severely wounded.
Unknown command.
You feel better. The yak gores you but does no damage.
The yak is burned by your cloak of flames.
The yak is severely wounded.
The death yak gores you.
* * * LOW HITPOINT WARNING * * *
The death yak is burned by your cloak of flames.
The death yak is lightly wounded.
You block the yak's attack.
You feel better. The yak gores you but does no damage.
The yak is burned by your cloak of flames.
The yak is severely wounded.
The death yak gores you!!
* * * LOW HITPOINT WARNING * * *
The yak gores you but does no damage.
The yak is burned by your cloak of flames.
The yak is severely wounded.
You feel better. You block the yak's attack. The death yak gores you.
* * * LOW HITPOINT WARNING * * *
The death yak is burned by your cloak of flames.
The death yak is lightly wounded.
The yak gores you.
You die...

###.###......##....## #...####
........##...##.#..### #......#
..............#.##...####......#
..........##....##...P##.......#
##.#...(...#(..###..........####
##.##..#....#.##.#..P.#...##
#####..##....##Y^......#.#
#.#######.Y##.###..#.# ###
###.@##.# ##...### #.÷Y#Y..#
##....#### ##÷##.### #......##.
###### #........# #.......##
#######.# ###


You could see a death yak and 3 yaks.

Vanquished Creatures
  Fannar (D:10)
  5 death yaks
  The ghost of occam the Nimble, a novice MfMo of Okawaru (D:8)
  Pikel (D:9)
  An ugly thing (D:8)
  A black mamba (Lair:1)
  A gargoyle (D:10)
  Joseph (D:7)
  2 cane toads (Lair:1)
  A komodo dragon (Lair:1)
  A troll (D:8)
  A polar bear (Lair:1)
  A queen bee (D:8)
  A culicivora (Lair:2)
  A jumping spider (Lair:2)
  4 wyverns
  A wraith (D:7)
  39 yaks
  2 redbacks (Lair:2)
  2 basilisks (Lair:1)
  Grum (D:10)
  A steam dragon (D:9)
  An acid dragon (D:8)
  3 water moccasins
  11 orc warriors
  A sky beast (D:7)
  An ice beast (D:7)
  2 black bears
  7 wolves
  2 phantoms
  11 kobold brigands
  9 bullfrogs
  3 scorpions (D:5)
  20 wights
  13 killer bees
  A howler monkey (D:10)
  5 orc priests
  A jelly (D:7)
  2 bombardier beetles
  A gnoll bouda (D:6)
  2 hounds
  2 iguanas
  A sleepcap (D:7)
  Jessica (D:3)
  10 orc wizards
  8 gnolls (D:6)
  8 adders
  A white imp (D:6)
  2 ribbon worms
  3 dart slugs (D:2)
  33 orcs
  4 endoplasms
  3 giant cockroaches (D:1)
  8 goblins
  5 hobgoblins
  6 quokkas
  5 ball pythons
  6 bats
  4 frilled lizards
  26 kobolds
  4 rats
306 creatures vanquished.

Vanquished Creatures (others)
  22 foxfires
22 creatures vanquished.

Grand Total: 328 creatures vanquished

Notes
Turn   | Place    | Note
-------+----------+-------------------------------------------
     0 | D:1      | SnakkuSnakku7 the Formicid Cinder Acolyte began the quest
                  | for the Orb.
     0 | D:1      | Reached XP level 1. HP: 18/18 MP: 2/2
   184 | D:1      | Reached XP level 2. HP: 24/24 MP: 3/3
   709 | D:1      | Reached skill level 1 in Throwing
   717 | D:1      | Reached XP level 3. HP: 27/29 MP: 4/4
   822 | D:2      | Identified the +3 dagger of the Smoking Blowfly {flame,
                  | rElec Will+ Str-3 Stlth+}
  1208 | D:2      | Reached skill level 4 in Axes
  1388 | D:2      | Identified a scroll of acquirement
  1390 | D:2      | Acquired the +5 broad axe of Jyphomn {antimagic, rN+ Dex+5}
  1432 | D:3      | Reached XP level 4. HP: 8/35 MP: 1/5
  1504 | D:3      | Noticed Jessica
  1509 | D:3      | Killed Jessica
  1510 | D:3      | Reached XP level 5. HP: 35/41 MP: 2/6
  1981 | D:4      | Found Ammi's Weapon Shoppe.
  2187 | D:4      | Noticed a black bear
  2196 | D:4      | Killed a black bear
  2197 | D:4      | Reached skill level 5 in Axes
  2197 | D:4      | Reached XP level 6. HP: 16/47 MP: 2/7
  2310 | D:4      | Found a glowing golden altar of the Shining One.
  2724 | D:5      | Entered Level 5 of the Dungeon
  2739 | D:5      | Found a staircase to the Ecumenical Temple.
  3102 | D:5      | Reached skill level 6 in Axes
  3102 | D:5      | Reached XP level 7. HP: 52/52 MP: 2/8
  3260 | D:5      | Found Cuoclu's Antique Weapon Shoppe.
  3390 | D:5      | Reached skill level 7 in Axes
  3603 | D:6      | Reached XP level 8. HP: 53/58 MP: 3/9
  3616 | D:6      | Reached skill level 8 in Axes
  3636 | D:6      | Found Lamyngo's General Store.
  3924 | D:6      | Reached skill level 9 in Axes
  3948 | D:6      | Bought a scroll of identify for 20 gold pieces
  3948 | D:6      | Bought a potion of might for 40 gold pieces
  4135 | D:6      | Found Yqiulizu's Weapon Boutique.
  4257 | D:6      | Reached skill level 10 in Axes
  4257 | D:6      | Reached XP level 9. HP: 20/64 MP: 3/10
  4465 | D:6      | Found Hiwn's Book Emporium.
  4815 | D:7      | Found a flagged portal.
  4815 | D:7      | Noticed Joseph
  4844 | D:7      | Killed Joseph
  4845 | D:7      | Reached skill level 11 in Axes
  4962 | Bailey   | Entered a bailey
  5139 | Bailey   | Reached skill level 12 in Axes
  5278 | Bailey   | Reached XP level 10. HP: 17/70 MP: 3/11
  5304 | Bailey   | Reached skill level 13 in Axes
  5316 | Bailey   | Found an iron altar of Okawaru.
  5846 | D:7      | Found a faded altar of an unknown god.
  5846 | D:7      | Found a burning altar of Makhleb.
  5854 | D:7      | Found a glowing silver altar of Zin.
  5856 | D:7      | Found a faded altar of an unknown god.
  5858 | D:7      | Found an ancient bone altar of Kikubaaqudgha.
  6089 | D:8      | Reached skill level 14 in Axes
  6092 | D:8      | Found a transporter.
  6480 | D:8      | Found a transporter.
  6490 | D:8      | Noticed occam's ghost (novice MfMo)
  6886 | D:8      | Noticed a white ugly thing
  6896 | D:8      | HP: 1/70 [cyan ugly thing (13)]
  6898 | D:8      | Killed a cyan ugly thing
  6899 | D:8      | Reached skill level 15 in Axes
  6899 | D:8      | Reached XP level 11. HP: 2/75 MP: 4/12
  7319 | D:8      | Killed occam's ghost
  7320 | D:8      | Reached skill level 16 in Axes
  7326 | D:8      | Acquired a +1 executioner's axe of electrocution
  7393 | D:9      | Found a white marble altar of Elyvilon.
  7425 | D:9      | Noticed a death yak
  7426 | D:9      | Found a staircase to the Lair.
  7426 | D:9      | Noticed a death yak
  7433 | D:9      | Killed a death yak
  7434 | D:9      | Noticed a death yak
  7817 | D:9      | Noticed Pikel
  7822 | D:9      | Killed Pikel
  7887 | D:9      | Reached skill level 17 in Axes
  7912 | D:9      | Killed a death yak
  7971 | D:9      | Killed a death yak
  8112 | D:9      | Reached XP level 12. HP: 59/81 MP: 13/13
  8221 | D:9      | Found a shimmering altar of Xom.
  8269 | D:9      | Found Koicesk's Weapon Boutique.
  8494 | D:9      | Reached skill level 18 in Axes
  8687 | D:10     | Entered Level 10 of the Dungeon
  8691 | D:10     | Reached skill level 5 in Fighting
  9055 | D:10     | Found a staircase to the Orcish Mines.
  9238 | D:10     | Noticed Grum
  9245 | D:10     | Killed Grum
  9295 | D:10     | Noticed Fannar
  9305 | D:10     | Killed Fannar
  9587 | Lair:1   | Entered Level 1 of the Lair of Beasts
 10447 | Lair:2   | Noticed Gastronok
 10508 | Lair:2   | Reached skill level 10 in Fighting
 10508 | Lair:2   | Reached skill level 1 in Armour
 10508 | Lair:2   | Reached XP level 13. HP: 96/103 MP: 14/14
 10876 | Lair:1   | Reached skill level 5 in Armour
 10878 | Lair:1   | HP: 1/103 [death yak (19)]
 10879 | Lair:1   | Slain by a yak

Illustrated notes

Levels and vault maps discovered:
D:1:      giann_wishing_wells, layout_loops_cross, minmay_misc_feat_square,
          nrook_mini_backslash
D:2:      layout_basic, guppyfry_early_lair_pool
D:3:      layout_loops_cross, uniq_jessica
D:4:      layout_loops_ring, mainiacjoe_overflow_six_doors_small, serial_shops,
          shop
D:5:      layout_loops_corners, minmay_temple_entry_sparse_star, serial_shops,
          nicolae_shop_peninsula, corner_web_ring, lexackson_kobold_supper
D:6:      layout_cave_pools, serial_shops, shop, shop, shop
D:7:      layout_basic, chequers_temple_overflow_minitemple, enter_bailey_3,
          uniq_joseph
D:8:      layout_basic, gammafunk_ghost_hive, roderic_roman_lattice,
          minmay_three_doors
D:9:      layout_small_grid, mainiacjoe_overflow_boulevard, elyvilon_altar_4,
          dpeg_lair_monsters, serial_shops, shop, minivault_19, uniq_pikel
D:10:     layout_roguey, orc_0_dummy, serial_rivers,
          chequers_serial_rivers_micro_d, chequers_serial_rivers_large_b,
          chequers_serial_rivers_micro_a, chequers_serial_rivers_room_b,
          uniq_fannar, uniq_grum
Lair:1:   layout_misc_corridors, chequers_serial_rivers_micro_b, st_stairs_7
Lair:2:   layout_regular_city, mainiacjoe_shoals_entry_four_pools,
          nicolae_spider_entry_tight_spaces, uniq_gastronok

Skill      XL: |  1  2  3  4  5  6  7  8  9 10 11 12 13 |
---------------+----------------------------------------+-----
Throwing       | 1 2 3 4 |  4.0
Axes           | 4 5 6 7 10 12 15 17 18 | 18.0
Fighting       | 10 | 10.0
Armour         | 1 5 |  5.5
Spellcasting   | |  1.1
Fire Magic     | |  3.0

Action                     |  1- 3 |  4- 6 |  7- 9 | 10-12 | 13-15 || total
---------------------------+-------+-------+-------+-------+-------++-------
  Melee: Hand axe          |   100 |       |       |       |       ||   100
         Broad axe         |     6 |    91 |   171 |   159 |       ||   427
         Punch             |       |       |     3 |     7 |       ||    10
         Executioner's axe |       |       |       |   227 |    15 ||   242
  Throw: Dart              |       |       |       |    11 |       ||    11
 Invoke: Foxfire Swarm     |       |     1 |       |     1 |       ||     2
         Fiery Armour      |       |       |     1 |     1 |     1 ||     3
Ability: Dig               |       |       |       |       |     1 ||     1
  Evoke: Wand              |       |       |       |     2 |       ||     2
         Sack of spiders   |       |       |       |     2 |       ||     2
    Use: Scroll            |     6 |     1 |     6 |    13 |       ||    26
         Potion            |       |     1 |     2 |     2 |     3 ||     8
   Stab: Distracted        |       |       |       |     1 |       ||     1
 Armour: Plate armour      |   114 |   103 |   173 |   298 |    52 ||   740
         Robe              |     3 |       |       |       |       ||     3
  Dodge: Dodged            |    31 |    26 |    60 |    87 |     7 ||   211
  Block: Other             |       |     9 |    52 |    74 |     6 ||   141
         Reflection        |       |     1 |     7 |       |       ||     8
